 Dungeon Crawl Stone Soup version 0.22-a0-181-gb22368a (webtiles) character file.

554 mhoghedin the Charmwright (level 7, -12/56 HPs)
             Began as a Gnoll Skald on Feb 14, 2018.
             Was an Initiate of Ashenzari.
             Mangled by a gnoll
             ... wielding a +0 halberd
              (17 damage)
             ... on level 4 of the Dungeon.
             The game lasted 00:07:21 (3550 turns).

mhoghedin the Charmwright (Gnoll Skald)             Turns: 3550, Time: 00:07:22

Health: -12/56     AC:  5    Str: 22    XL:     7   Next: 30%
Magic:  8/15       EV: 20    Int: 15    God:    Ashenzari [......]
Gold:   140        SH:  0    Dex: 19    Spells: 6/17 levels left

rFire    . . .     SeeInvis .   m - +0 flail (crush)
rCold    . . .     Gourm    .   (no shield)
rNeg     . . .     Faith    .   b - +0 leather armour
rPois    .         Spirit   .   l - +1 helmet
rElec    .         Reflect  .   r - scarf {cloud immunity}
rCorr    +         Harm     .   (no gloves)
MR       .....                  (no boots)
Stlth    +++.......             n - amulet of rage (curse) {+Rage, !d}
HPRegen  0.18/turn              g - ring of resist corrosion
MPRegen  0.14/turn              v - +6 ring of strength (curse)

@: agile
A: distributed training, fangs 1, strong nose
a: Curse Item, Renounce Religion, Evoke Berserk Rage


You were on level 4 of the Dungeon.
You worshipped Ashenzari.
Ashenzari was noncommittal.
You were hungry.

You visited 1 branch of the dungeon, and saw 4 of its levels.

You collected 140 gold pieces.

Inventory:

Hand Weapons
 m - a +0 flail of crushing (weapon)
   (You took it off an orc on level 4 of the Dungeon)
Missiles
 w - a throwing net {=f, !d}
Armour
 b - a +0 leather armour (worn)
 l - a +1 helmet (worn)
   (You found it on level 1 of the Dungeon)
 r - a scarf of cloud immunity (worn)
   (You found it on level 3 of the Dungeon)
Jewellery
 g - a ring of resist corrosion (left hand)
   (You found it on level 1 of the Dungeon)
 n - a cursed amulet of rage (around neck) {+Rage, !d}
   (You found it on level 1 of the Dungeon)
 v - a cursed +6 ring of strength (right hand)
   (You found it on level 3 of the Dungeon)
Wands
 t - a wand of paralysis (12)
   (You found it on level 2 of the Dungeon)
Scrolls
 f - 2 scrolls of identify
 i - a scroll of enchant armour
 k - a scroll of enchant weapon
 o - 3 scrolls of magic mapping {!r}
Potions
 a - a potion of magic {unknown}
 e - 2 potions of lignification {unknown}
 h - 2 potions of brilliance
 j - a potion of curing {unknown}
 p - a potion of berserk rage {unknown}
 x - 2 potions of haste {unknown}
Books
 c - a book of Battle
Comestibles
 d - 8 rations


   Skills:
 + Level 5.2 Fighting
 + Level 2.3 Short Blades
 + Level 2.3 Long Blades
 + Level 2.3 Axes
 + Level 5.2 Maces & Flails
 + Level 2.3 Polearms
 + Level 2.3 Staves
 + Level 2.3 Slings
 + Level 2.3 Bows
 + Level 2.3 Crossbows
 + Level 2.3 Throwing
 + Level 3.5 Armour
 + Level 5.2 Dodging
 + Level 2.3 Stealth
 + Level 2.3 Shields
 + Level 2.3 Unarmed Combat
 + Level 5.5 Spellcasting
 + Level 1.9 Conjurations
 + Level 1.9 Hexes
 + Level 5.8 Charms
 + Level 1.9 Summonings
 + Level 1.9 Necromancy
 + Level 1.9 Translocations
 + Level 1.9 Transmutations
 + Level 1.9 Fire Magic
 + Level 1.9 Ice Magic
 + Level 1.9 Air Magic
 + Level 1.9 Earth Magic
 + Level 1.9 Poison Magic
 + Level 2.6 Invocations
 + Level 2.3 Evocations


You had 6 spell levels left.
You knew the following spells:

 Your Spells              Type           Power        Failure   Level  Hunger
a - Infusion              Chrm           ###.         1%          1    None
r - Regeneration          Chrm/Necr      ###.......   11%         3    ###....
s - Shroud of Golubria    Chrm/Tloc      ###.......   5%          2    #......
z - Spectral Weapon       Hex/Chrm       ###.....     11%         3    ###....
S - Song of Slaying       Chrm           ###.....     2%          2    #......


Dungeon Overview and Level Annotations

Branches:
Dungeon (4/15)
 Temple: D:4-7

Altars:
Ashenzari
Cheibriados
Okawaru
Trog

Shops:
D:4 *


Innate Abilities, Weirdness & Mutations

Your experience applies equally to all skills.
You have very sharp teeth.
Your uncanny sense of smell can sniff out nearby items.


Message History

The orc closely misses you.
You sock the orc!
You kill the orc!
The orc closely misses you.
You barely miss the orc. The orc hits you with a flail.
You take 4 damage, and have 51/56 hp.
You closely miss the orc. You bite the orc. The orc closely misses you.
You sock the orc!
You kill the orc!
No target in view!
No target in view!
No target in view!
No target in view!
No target in view!
No target in view!
No target in view!
No target in view!
No target in view!
Things that are here:
a cursed leather armour; an orc corpse
There is an entrance to Boomacw's Assorted Antiques here.
Found a stone staircase leading up.
You regained 2 hp, and now have 55/56 hp.
You are feeling hungry.
Health restored: 56
There is a stone staircase leading up here.
A gnoll comes into view. It is wielding a spear.
A gnoll comes into view. It is wielding a spear.
The gnoll shouts!
You hear a shout!
A gnoll shaman comes into view. It is wielding a club.
A gnoll comes into view. It is wielding a halberd.
Okay, then.
Unknown command.
Space distorts slightly along a thin shroud covering your body.
The gnoll shouts!
You now have 13/15 mp.
Your skin crawls.
The gnoll shaman calls upon its god to speed up the gnoll.
The gnoll seems to speed up.
You now have 10/15 mp.
The gnoll shaman hits you with a club.
The gnoll hits you from afar with a spear.
You take 10 damage, and have 46/56 hp.
You hit the gnoll shaman but do no damage.
The gnoll closely misses you. The gnoll shaman barely misses you.
The gnoll hits you from afar with a spear.
You take 4 damage, and have 42/56 hp.
You barely miss the gnoll shaman.
The gnoll hits you from afar with a spear.
Your shroud falls apart!
The gnoll shaman hits you with a club.
The gnoll hits you from afar with a spear.
The gnoll shaman misses you.
You take 10 damage, and have 32/56 hp.
Unknown command.
Space distorts slightly along a thin shroud covering your body.
The gnoll misses you.
You now have 9/15 mp.
You sock the gnoll shaman!
The gnoll hits you from afar with a spear.
The gnoll shaman hits you with a club. The gnoll hits you but does no damage.
You take 5 damage, and have 28/56 hp.
You barely miss the gnoll shaman.
The gnoll hits you from afar with a spear!
Your shroud falls apart!
The gnoll shaman closely misses you. The gnoll barely misses you.
The gnoll shaman misses you.
You take 6 damage, and have 22/56 hp.
You sock the gnoll shaman!
You kill the gnoll shaman!
The gnoll closely misses you.
Your skin is crawling a little less now.
The gnoll hits you but does no damage. x3
Things that are here:
an uncursed club; an uncursed robe; a gnoll corpse You thump the gnoll!
The gnoll barely misses you. x2
The gnoll hits you but does no damage.
You sock the gnoll!
You kill the gnoll!
The gnoll barely misses you.
You regained 2 hp, and now have 27/56 hp.
Your skin stops crawling.
The gnoll hits you but does no damage.
You draw out your weapon's spirit!
You now have 7/15 mp.
The gnoll hits you from afar with a spear!
You take 10 damage, and have 19/56 hp.
Unknown command.
The gnoll hits you but does no damage. The gnoll closely misses you.
You feel agile all of a sudden. The gnoll barely misses you.
The gnoll hits you from afar with a halberd!
* * * LOW HITPOINT WARNING * * *
The gnoll hits you but does no damage.
You take 15 damage, and have 5/56 hp.
MASSIVE DAMAGE!!
You barely miss the gnoll.
The gnoll hits you from afar with a halberd!
You die...

############# #...........#
##############.#########.#
#...))..gg@(##.# #.#
#.#########.##.# #.# #.##.#
######.# ######.##.####......#
#......##....#......#
####.#######....#......#
#.....<.........#...≈≈≈##
......#.##.########...#..≈≈≈≈≈#
......#.##.####.###)[......∩≈≈.


You could see 2 gnolls and a friendly spectral flail of crushing.

Vanquished Creatures
  Duvessa (D:4)
  Dowan (D:4)
  2 scorpions (D:4)
  A gnoll shaman (D:4)
  A hound (D:4)
  An orc wizard (D:4)
  2 worker ants (D:4)
  A gnoll (D:4)
  8 adders
  4 worms
  A dart slug (D:1)
  2 leopard geckos
  10 orcs
  10 bats
  A giant cockroach (D:4)
  6 goblins
  5 hobgoblins
  3 jackals (D:1)
  3 quokkas
  3 ball pythons
  3 frilled lizards
  5 kobolds
  3 rats
77 creatures vanquished.

Vanquished Creatures (others)
  2 spectral weapons
2 creatures vanquished.

Grand Total: 79 creatures vanquished

Notes
Turn   | Place    | Note
-------+----------+-------------------------------------------
     0 | D:1      | mhoghedin the Gnoll Skald began the quest for the Orb.
     0 | D:1      | Reached XP level 1. HP: 20/20 MP: 6/6
    83 | D:1      | Reached XP level 2. HP: 26/26 MP: 7/7
   689 | D:1      | Reached XP level 3. HP: 31/31 MP: 9/9
   715 | D:1      | Reached skill level 5 in Spellcasting
   957 | D:2      | Learned a level 2 spell: Song of Slaying
   960 | D:2      | Learned a level 2 spell: Shroud of Golubria
   964 | D:2      | Learned a level 3 spell: Regeneration
   968 | D:2      | Learned a level 3 spell: Spectral Weapon
  1014 | D:2      | Reached skill level 1 in Invocations
  1015 | D:2      | HP: 5/31 [adder (3)]
  1022 | D:2      | Reached skill level 1 in Short Blades
  1022 | D:2      | Reached skill level 1 in Long Blades
  1022 | D:2      | Reached skill level 1 in Axes
  1022 | D:2      | Reached skill level 1 in Polearms
  1022 | D:2      | Reached skill level 1 in Staves
  1022 | D:2      | Reached skill level 1 in Slings
  1022 | D:2      | Reached skill level 1 in Bows
  1022 | D:2      | Reached skill level 1 in Crossbows
  1022 | D:2      | Reached skill level 1 in Throwing
  1022 | D:2      | Reached skill level 1 in Stealth
  1022 | D:2      | Reached skill level 1 in Shields
  1022 | D:2      | Reached skill level 1 in Unarmed Combat
  1022 | D:2      | Reached skill level 1 in Evocations
  1029 | D:2      | HP: 7/31 [poisoned by an adder]
  1036 | D:2      | HP: 6/31 [poisoned by an adder]
  1044 | D:2      | HP: 5/31 [poisoned by an adder]
  1323 | D:2      | Reached XP level 4. HP: 19/38 MP: 6/11
  1993 | D:3      | Reached skill level 1 in Conjurations
  1993 | D:3      | Reached skill level 1 in Hexes
  1993 | D:3      | Reached skill level 1 in Summonings
  1993 | D:3      | Reached skill level 1 in Necromancy
  1993 | D:3      | Reached skill level 1 in Translocations
  1993 | D:3      | Reached skill level 1 in Transmutations
  1993 | D:3      | Reached skill level 1 in Fire Magic
  1993 | D:3      | Reached skill level 1 in Ice Magic
  1993 | D:3      | Reached skill level 1 in Air Magic
  1993 | D:3      | Reached skill level 1 in Earth Magic
  1993 | D:3      | Reached skill level 1 in Poison Magic
  2040 | D:3      | Found a shattered altar of Ashenzari.
  2261 | D:3      | Reached XP level 5. HP: 43/43 MP: 8/12
  2525 | D:3      | Found an iron altar of Okawaru.
  2530 | D:3      | Found a bloodstained altar of Trog.
  2535 | D:3      | Found a snail-covered altar of Cheibriados.
  2557 | D:3      | Became a worshipper of Ashenzari the Shackled
  2659 | D:4      | Noticed Duvessa
  2663 | D:4      | Noticed Dowan
  2680 | D:4      | Killed Duvessa
  2680 | D:4      | Reached skill level 3 in Armour
  2680 | D:4      | Reached skill level 2 in Invocations
  2680 | D:4      | Reached XP level 6. HP: 34/50 MP: 6/13
  2691 | D:4      | Killed Dowan
  2691 | D:4      | Reached skill level 5 in Fighting
  2691 | D:4      | Reached skill level 5 in Maces & Flails
  2691 | D:4      | Reached skill level 5 in Dodging
  2887 | D:4      | Reached skill level 2 in Short Blades
  2887 | D:4      | Reached skill level 2 in Long Blades
  2887 | D:4      | Reached skill level 2 in Axes
  2887 | D:4      | Reached skill level 2 in Polearms
  2887 | D:4      | Reached skill level 2 in Staves
  2887 | D:4      | Reached skill level 2 in Slings
  2887 | D:4      | Reached skill level 2 in Bows
  2887 | D:4      | Reached skill level 2 in Crossbows
  2887 | D:4      | Reached skill level 2 in Throwing
  2887 | D:4      | Reached skill level 2 in Stealth
  2887 | D:4      | Reached skill level 2 in Shields
  2887 | D:4      | Reached skill level 2 in Unarmed Combat
  2887 | D:4      | Reached skill level 2 in Evocations
  2919 | D:4      | HP: 11/51 [orc/flail of crushing (4)]
  2925 | D:4      | HP: 19/76 [orc/club (1)]
  2930 | D:4      | Reached XP level 7. HP: 22/56 MP: 10/15
  3218 | D:4      | Found Boomacw's Assorted Antiques.
  3549 | D:4      | HP: 5/56 [gnoll/halberd (15)]
  3550 | D:4      | Mangled by a gnoll

Vault maps used:
D:1:      saegor_arrival_simple_a
D:2:      serial_forest, infiniplex_forest_corner_1,
          infiniplex_forest_lined_room_3, infiniplex_forest_straight_2,
          infiniplex_forest_clump_small, infiniplex_forest_lined_room_2,
          minmay_ruptured
D:3:      minmay_overflow_temple_star_quad, evilmike_ruin_ashenzari
D:4:      serial_shops, nicolae_shop_waterfront, first_ration, uniq_duvessa

Skill      XL: |  1  2  3  4  5  6 |
---------------+-------------------+-----
Spellcasting   | 5 |  5.5
Invocations    | 1 2 |  2.6
Short Blades   | 1 2 |  2.3
Long Blades    | 1 2 |  2.3
Axes           | 1 2 |  2.3
Polearms       | 1 2 |  2.3
Staves         | 1 2 |  2.3
Slings         | 1 2 |  2.3
Bows           | 1 2 |  2.3
Crossbows      | 1 2 |  2.3
Throwing       | 1 2 |  2.3
Stealth        | 1 2 |  2.3
Shields        | 1 2 |  2.3
Unarmed Combat | 1 2 |  2.3
Evocations     | 1 2 |  2.3
Conjurations   | 1 |  1.9
Hexes          | 1 |  1.9
Summonings     | 1 |  1.9
Necromancy     | 1 |  1.9
Translocations | 1 |  1.9
Transmutations | 1 |  1.9
Fire Magic     | 1 |  1.9
Ice Magic      | 1 |  1.9
Air Magic      | 1 |  1.9
Earth Magic    | 1 |  1.9
Poison Magic   | 1 |  1.9
Armour         | 3 |  3.5
Fighting       | 5 |  5.2
Maces & Flails | 5 |  5.2
Dodging        | 5 |  5.2
Charms         | |  5.8

Action                   |  1- 3 |  4- 6 |  7- 9 || total
-------------------------+-------+-------+-------++-------
Melee: Mace              |    92 |   130 |       ||   222
       Bite              |     8 |     8 |     3 ||    19
       Punch             |       |     1 |       ||     1
       Flail             |       |       |    37 ||    37
 Cast: Song of Slaying   |     1 |     8 |       ||     9
       Spectral Weapon   |     1 |     4 |     2 ||     7
       Shroud of Golubri |     1 |     1 |     2 ||     4
       Regeneration      |       |     2 |     1 ||     3
Invok: Curse Item        |       |     2 |       ||     2
 Abil: Evoke Berserk Rag |       |     1 |       ||     1
  Use: Potion            |     2 |       |     1 ||     3
       Scroll            |       |     9 |       ||     9
 Stab: Sleeping          |       |     1 |       ||     1
       Distracted        |       |       |     1 ||     1
  Eat: Chunk             |     1 |     6 |     3 ||    10
Armor: Leather armour    |    44 |    31 |    12 ||    87
Dodge: Dodged            |    93 |   133 |    29 ||   255

Table legend:
 A = Spawn XP
 B = Non-spawn XP
 C = Spawn XP percentage of total XP
 D = Spawn monster count
 E = Non-spawn monster count
 F = Spawn count percentage of total count
 G = Total turns spent on level
                    A         B        C        D         E        F      G
               +---------+---------+-------+---------+---------+-------+---------
         Total |       0 |     792 |   0.0 |       0 |      77 |   0.0 |  3550
               +---------+---------+-------+---------+---------+-------+---------
           D:1 |       0 |      44 |   0.0 |       0 |      25 |   0.0 |   899
           D:2 |       0 |      68 |   0.0 |       0 |      17 |   0.0 |  1078
           D:3 |       0 |      79 |   0.0 |       0 |      13 |   0.0 |   624
           D:4 |       0 |     601 |   0.0 |       0 |      22 |   0.0 |   949
               +---------+---------+-------+---------+---------+-------+---------

Vault maps used:
D:1:      saegor_arrival_simple_a
D:2:      serial_forest, infiniplex_forest_corner_1,
          infiniplex_forest_lined_room_3, infiniplex_forest_straight_2,
          infiniplex_forest_clump_small, infiniplex_forest_lined_room_2,
          minmay_ruptured
D:3:      minmay_overflow_temple_star_quad, evilmike_ruin_ashenzari
D:4:      serial_shops, nicolae_shop_waterfront, first_ration, uniq_duvessa

Table legend:
 A = Turns spent in this place as a percentage of turns spent in the entire game.
 B = Non-inter-level travel turns spent in this place as a percentage of non-inter-level travel turns spent in the entire game.
 C = Inter-level travel turns spent in this place as a percentage of turns spent in this place.
 D = Turns resting spent in this place as a percentage of non-inter-level travel turns spent in this place.
 E = Turns spent auto-exploring this place as a percentage of non-inter-level travel turns spent in this place.
 F = Non-inter-level travel turns spent in this place divided by the number of levels of this place that you've seen.
                   A       B       C       D       E      F
               +-------+-------+-------+-------+-------+----------------------
         Total | 100.0 | 100.0 |   1.6 |  41.2 |  39.2 | 873.2
       Dungeon | 100.0 | 100.0 |   1.6 |  41.2 |  39.2 | 873.2
               +-------+-------+-------+-------+-------+----------------------

Table legend:
 A = Kills in this place as a percentage of kills in entire the game.
 B = Kills by you in this place as a percentage of kills by you in the entire game.
 C = Kills by friends in this place as a percentage of kills by friends in the entire game.
 D = Other kills in this place as a percentage of other kills in the entire game.
 E = Experience gained in this place as a percentage of experience gained in the entire game.
 F = Experience gained in this place divided by the number of levels of this place that you have seen.
                   A       B       C       D       E      F
               +-------+-------+-------+-------+-------+----------------------
         Total | 100.0 | 100.0 |   N/A |   N/A | 100.0 | 198.0
       Dungeon | 100.0 | 100.0 |   N/A |   N/A | 100.0 | 198.0
               +-------+-------+-------+-------+-------+----------------------
